Map: Coda EC

Players

Charlie

  • Race: Zerg Zerg
  • League: Grandmaster

AgCl - Winner!

  • Race: Protoss Protoss
  • League: Grandmaster

VOD

Have the link to the VOD?

Description

Time

  • Played on: June 10, 2015, 6:20 p.m.
  • Length: 18:13
Show
View Real Time Build Order
Export as new Build Order

Charlie Zerg 

Build Orders: Hatch First 

Get SALT Encoding   

  12  0:02  Drone  
  13  0:11  Drone  
  14  0:22  Extractor  
  14  0:23  Extractor  
  14  0:27  Drone x2  
  16  0:40  Overlord  
  16  0:58  Drone x2  
  16  0:59  Drone  
  19  1:10  Hatchery  
  19  1:11  Drone  
  19  1:21  Spawning Pool  
  19  1:24  Drone, Extractor  
  18  1:33  Drone  
  19  1:43  Drone  
  20  1:52  Overlord  
  20  2:08  Zergling x2  
  21  2:10  Queen  
  23  2:18  Drone  
  23  2:22  Queen  
  26  2:23  Drone  
  27  2:42  Drone x2  
  27  2:43  Drone  
  30  2:51  Lair  
  29  3:13  Drone x3  
  29  3:14  Drone x3  
  29  3:17  Extractor  
  29  3:19  Extractor  
  33  3:20  Drone  
  33  3:21  Drone x2  
  33  3:26  Hatchery  
  35  3:30  Extractor  
  34  3:47  Drone  
  35  3:49  Drone  
  36  3:56  Overlord x3  
  28  4:28  Queen x2  
  30  4:39  Queen  
  30  4:40  Drone x2  
  34  4:57  Spire  
  32  5:15  Drone x4  
  32  5:16  Drone x2  
  32  5:20  Spore Crawler  
  37  5:26  Spore Crawler  
  36  5:34  Spore Crawler  
  35  5:47  Zergling x2  
  35  5:48  Zergling x6  
  39  6:05  Spore Crawler  
  37  6:25  Zergling x2  
  35  6:26  Mutalisk x4  
  43  6:37  Mutalisk  
  43  6:38  Mutalisk  
  46  6:57  Mutalisk x2  
  40  7:25  Mutalisk  
  40  7:26  Mutalisk x3  
  40  7:37  Zergling x2  
  40  7:38  Zergling x4  
  32  8:05  Drone x3  
  29  8:15  Mutalisk  
  31  8:30  Mutalisk  
Show
View Real Time Build Order
Export as new Build Order

AgCl Protoss - Winner!

Build Orders: Oracle Opening 

Get SALT Encoding   

  12  0:16  Pylon  
  12  0:17  Probe  
  13  0:29  Probe  
  14  0:41  Assimilator  
  14  0:44  Gateway  
  14  0:48  Probe  
  15  1:00  Probe (Chrono Boost)  
  15  1:02  Pylon  
  16  1:12  Probe (Chrono Boost)  
  17  1:21  Probe (Chrono Boost)  
  18  1:29  Probe  
  18  1:32  Zealot (Chrono Boost)  
  21  1:35  Cybernetics Core  
  21  1:41  Probe (Chrono Boost)  
  22  1:51  Probe (Chrono Boost)  
  23  1:58  Probe, Assimilator  
  24  2:10  Probe  
  24  2:12  Warp Gate (Chrono Boost)  
  25  2:22  Probe (Chrono Boost), Stargate  
  26  2:34  Probe (Chrono Boost)  
  27  2:40  Probe (Chrono Boost)  
  28  2:51  Probe  
  29  3:04  Gateway  
  28  3:07  Nexus  
  28  3:11  Oracle  
  29  3:16  Probe  
  30  3:42  Probe (Chrono Boost)  
  30  3:52  Protoss Air Weapons Level 1  
  29  4:00  Gateway  
  29  4:05  Pylon x2  
  30  4:19  Void Ray (Chrono Boost)  
  30  4:23  Probe, Fleet Beacon  
  33  4:24  Probe  
  34  4:35  Probe  
  34  4:36  Probe  
  36  4:47  Probe (Chrono Boost)  
  37  4:54  Probe (Chrono Boost)  
  37  4:57  Probe (Chrono Boost)  
  39  5:09  Probe (Chrono Boost)  
  39  5:10  Assimilator  
  39  5:11  Probe (Chrono Boost)  
  40  5:17  Probe (Chrono Boost)  
  40  5:18  Probe (Chrono Boost)  
  42  5:22  Gateway  
  42  5:23  Graviton Catapult  
  42  5:24  Carrier (Chrono Boost)  
  42  5:26  Probe (Chrono Boost)  
  43  5:34  Probe (Chrono Boost)  
  44  5:38  Probe (Chrono Boost)  
  43  5:43  Pylon  
  43  5:45  Probe (Chrono Boost)  
  49  5:52  Adept  
  49  5:53  Probe (Chrono Boost)  
  52  6:02  Probe (Chrono Boost), Adept, Assimilator  
  52  6:03  Probe (Chrono Boost)  
  56  6:09  Adept  
  58  6:18  Protoss Air Weapons Level 2, Adept  
  58  6:32  Probe  
  59  6:33  Probe, Carrier (Chrono Boost)  
  59  6:37  Pylon  
  60  6:44  Probe  
  60  6:45  Probe  
  60  6:46  Pylon  
  68  6:56  Probe  
  65  7:05  Probe (Chrono Boost)  
  65  7:06  Forge  
  65  7:08  Probe (Chrono Boost)  
  61  7:17  Probe (Chrono Boost)  
  61  7:19  Probe (Chrono Boost)  
  61  7:20  Stargate  
  63  7:24  Stalker x2, Probe (Chrono Boost)  
  63  7:25  Stalker  
  63  7:29  Stalker  
  72  7:46  Phoenix (Chrono Boost)  
  74  7:59  Carrier (Chrono Boost)  
  74  8:04  Stalker x2  
  74  8:05  Adept x2  
  68  8:18  Gateway  
  68  8:20  Photon Cannon  
  68  8:22  Pylon  
  68  8:23  Probe  
  75  8:30  Stalker x2  
  75  8:31  Stalker  
  75  8:32  Probe  
  82  8:35  Probe  
  83  8:43  Stalker  
  83  8:45  Probe  
Tags
 
Add a new tag
Caveats
  • Supply blocks, unpowered buildings, or Contaminate may cause inaccurate times.
  • Supply counts are checked every 10 seconds.